 Dungeon Crawl Stone Soup version 0.30.1 (webtiles) character file.

Game seed: 11046881987153224902

78 Almogavar the Chopper (level 4, -2/41 HPs)
             Began as a Hill Orc Berserker on July 13, 2023.
             Was a Follower of Trog.
             Slain by a gnoll
             ... wielding a +0 club
              (5 damage)
             ... on level 2 of the Dungeon.
             The game lasted 00:06:17 (1221 turns).

Almogavar the Chopper (Hill Orc Berserker)          Turns: 1221, Time: 00:06:18

Health: -2/41      AC:  8    Str: 21    XL:     4   Next: 36%
Magic:  4/4        EV: 11    Int:  7    God:    Trog [*.....]
Gold:   86         SH:  0    Dex: 10    Spells: 3/3 levels left

rFire   . . .        a - +0 hand axe
rCold   . . .        (no shield)
rNeg    . . .        c - +0 leather armour
rPois   .            l - +0 helmet
rElec   .            (no cloak)
rCorr   .            (no gloves)
SInv    .            (no boots)
Will    .....        (no amulet)
Stlth   +            j - +4 ring of protection
HPRegen 0.26/turn    (no ring)
MPRegen 0.09/turn

%: no passive effects
@: on berserk cooldown, slowed, very slow
A: no striking features
a: Renounce Religion, Berserk


You were on level 2 of the Dungeon.
You worshipped Trog.
Trog was aware of your devotion.
You visited 1 branch of the dungeon, and saw 2 of its levels.

You collected 86 gold pieces.

Inventory:

Hand Weapons
 a - a +0 hand axe (weapon)
Armour
 c - a +0 leather armour (worn)
 g - a +0 ring mail
 l - a +0 helmet (worn)
Jewellery
 j - a +4 ring of protection (left hand)
Scrolls
 d - a scroll of enchant weapon {unknown}
 e - a scroll of poison {unknown}
 f - 4 scrolls of identify {unknown}
 h - a scroll of brand weapon {unknown}
 i - a scroll of fear {unknown}
 m - a scroll of blinking {unknown}
Potions
 b - 4 potions of degeneration {unknown}
 k - a potion of curing {unknown}


   Skills:
 + Level 4.6 Fighting
 + Level 5.5 Axes
 + Level 2.3 Armour
 + Level 1.8 Dodging


You had 3 spell levels left.
You didn't know any spells.
Your spell library was empty.

Dungeon Overview and Level Annotations

Branches:
Dungeon (2/15)

Altars:

Shops:
D:2 [


Message History

You have reached level 4!
You slash the gnoll!
You kill the gnoll!
Trog accepts your kill.
You barely miss the gnoll.
You are no longer berserk.
You are exhausted.
You feel yourself slow down. The gnoll hits you with a +0 spear.
The gnoll closely misses you.
Things that are here:
a +0 whip; a gnoll corpse You hit the gnoll but do no damage.
You hit the gnoll. The gnoll hits you but does no damage.
The gnoll completely misses you. The gnoll hits you but does no damage.
The gnoll hits you with a +0 spear.
You barely miss the gnoll.
The gnoll is lightly wounded.
You hit the gnoll. The gnoll closely misses you.
The gnoll hits you but does no damage.
You hit the gnoll.
The gnoll is severely wounded.
You closely miss the gnoll. The gnoll hits you with a +0 spear.
The gnoll hits you with a +0 club. x2; The gnoll misses you.
You are too injured to fight recklessly!
You are too injured to fight recklessly!
You hit the gnoll.
You kill the gnoll!
Trog accepts your kill.
You closely miss the gnoll. The gnoll hits you with a +0 club.
* * * LOW HITPOINT WARNING * * *
Unknown command.
You hit the gnoll but do no damage.
The gnoll is lightly wounded.
The gnoll hits you with a +0 club.
* * * LOW HITPOINT WARNING * * *
The gnoll hits you with a +0 club.
* * * LOW HITPOINT WARNING * * *
You hit the gnoll.
The gnoll is lightly wounded.
The gnoll hits you with a +0 club.
You die...

#.....# ####..#
#..# #..#
#..#####
#).....#
#.####.#########
#.####g...?.....
#.....@)..#
#########.# ...
####


You could see a gnoll.

Vanquished Creatures
  3 gnolls (D:2)
  An adder (D:2)
  A worm (D:2)
  2 dart slugs (D:2)
  2 bats
  7 endoplasms
  A giant cockroach (D:1)
  4 hobgoblins
  2 kobolds
  2 quokkas (D:2)
  3 ball pythons
  2 frilled lizards
  4 rats (D:1)
34 creatures vanquished.

Notes
Turn   | Place    | Note
-------+----------+-------------------------------------------
     0 | D:1      | Almogavar the Hill Orc Berserker began the quest for the
                  | Orb.
     0 | D:1      | Reached XP level 1. HP: 19/19 MP: 1/1
   183 | D:1      | Reached XP level 2. HP: 27/27 MP: 2/2
   509 | D:1      | Found a faded altar of an unknown god.
   833 | D:2      | Reached XP level 3. HP: 27/33 MP: 3/3
   847 | D:2      | Reached skill level 5 in Axes
   847 | D:2      | Found Penist's Armour Emporium.
  1214 | D:2      | Reached XP level 4. HP: 41/41 MP: 4/4
  1221 | D:2      | Slain by a gnoll

Illustrated notes

Levels and vault maps discovered:
D:1:      nicolae_arrival_memento_mori, layout_basic,
          ebering_ecumenical_altar_box
D:2:      layout_loops_ring, serial_shops, shop

Skill      XL: |  1  2  3 |
---------------+----------+-----
Fighting       | 4 |  4.6
Axes           | 5 |  5.5
Armour         | |  2.3
Dodging        | |  1.8

Action                     |  1- 3 |  4- 6 || total
---------------------------+-------+-------++-------
  Melee: Hand axe          |    90 |     7 ||    97
         Punch             |     1 |       ||     1
 Invoke: Berserk           |     2 |       ||     2
 Armour: Leather armour    |    25 |     3 ||    28
  Dodge: Dodged            |    30 |     4 ||    34
